Cogmind - Beta 11 X7 @@@ ROGUE MODE // 2021.08.29 @ 14:28:07 Player: AlmondRoll Result: Self-destructed Performance ------------- Evolutions (5) 2500 Regions Visited (10) 2000 Robots Destroyed (102) 510 Value Destroyed (2844) 2844 Prototype IDs (4) 80 Alien Tech Used (0) 0 Bonus (1264) 1264 TOTAL SCORE: 9198 Bonus ------- High Alert Combat Kills 140 Follower Combat Kills 1257 Friendly Fire -133 Cogmind --------- Core Integrity 893/1000 Matter 215/300 Energy 4/100 System Corruption 4% Temperature Cool (5) Movement Hovering (52) Location -5/Factory Parts ------- > --- POWER (1) -------- (None) > --- PROPULSION (8) --- Improved Hover Unit Antigrav System Antigrav System > --- UTILITY (4) ------ (None) > --- WEAPON (4) ------- Hypervelocity Coil Gun Hypervelocity Coil Gun Hypervelocity Coil Gun > --- INVENTORY (5) ---- Large Storage Unit Proton Cannon Cooled Particle Cannon Tri-rail Accelerator Peak State ------------ > --- POWER ------------ Antimatter Reactor > --- PROPULSION ------- Medium Treads Medium Treads Heavy Treads Heavy Treads Heavy Treads > --- UTILITY ---------- Large Storage Unit Active Sensor Suite > --- WEAPON ----------- Hypervelocity Coil Gun Hypervelocity Coil Gun Hypervelocity Coil Gun Hypervelocity Coil Gun > --- INVENTORY -------- Advanced Heat Sink Cooling System Proton Cannon Proton Cannon Cooled Particle Cannon Cooled Particle Cannon Cooled Particle Cannon Hypervelocity Coil Gun Hypervelocity Coil Gun Hypervelocity Coil Gun Hypervelocity Coil Gun Mass Driver Tri-rail Accelerator Phasing Sabre [Rating: 111] Favorites ----------- Power Antimatter Reactor Engine Ion Engine Power Core Light Nuclear Core Reactor Antimatter Reactor Propulsion Light Treads Treads Light Treads Leg Aluminum Leg Wheel Compact Wheel Hover Unit Antigrav System Utility Large Storage Unit Device Active Sensor Suite Storage Large Storage Unit Processor Transport Network Coupler Hackware Hacking Suite Protection Damper Plating Weapon Cooled Particle Cannon Energy Gun Medium Laser Energy Cannon Cooled Particle Cannon Ballistic Gun Light Assault Rifle Ballistic Cannon Gauss Cannon Launcher Rocket Launcher Slashing Weapon Phasing Sabre Build | -11 -10 -9 -8 -7 -6 -6 -6 -6 -6 -5 ------- Run | Scr Mat Mat Mat Fac Fac Was Fac Low Low Fac Slots Evolved 10 | . . 2 2 2 2 . . . . 2 Power . | . . . . . . . . . . . Propulsion 6 | . . 2 . . 2 . . . . 2 Utility 2 | . . . 1 1 . . . . . . Weapon 2 | . . . 1 1 . . . . . . Parts Attached 86 | 4 10 14 5 21 7 9 5 . . 11 Power 7 | . 1 2 . 1 . 3 . . . . Engine 3 | . 1 1 . 1 . . . . . . Core 1 | . . 1 . . . . . . . . Reactor 3 | . . . . . . 3 . . . . Propulsion 25 | 2 3 6 1 2 3 3 . . . 5 Treads 19 | . 2 6 1 2 3 3 . . . 2 Leg . | . . . . . . . . . . . Wheel 3 | 2 1 . . . . . . . . . Hover 3 | . . . . . . . . . . 3 Flight . | . . . . . . . . . . . Utility 27 | 1 3 2 2 9 4 2 2 . . 2 Device 15 | 1 1 . 1 6 2 1 2 . . 1 Storage 3 | . 2 . . . . . . . . 1 Processor 2 | . . 1 . 1 . . . . . . Hackware 2 | . . . . . 2 . . . . . Protection 5 | . . 1 1 2 . 1 . . . . Artifact . | . . . . . . . . . . . Weapon 27 | 1 3 4 2 9 . 1 3 . . 4 Energy Gun 2 | . 1 . . 1 . . . . . . Energy Cannon 3 | . . . . . . . 3 . . . Ballistic Gun 10 | 1 2 . 2 1 . . . . . 4 Ballistic Cannon 9 | . . 3 . 6 . . . . . . Launcher 2 | . . 1 . 1 . . . . . . Special Weapon . | . . . . . . . . . . . Impact Weapon . | . . . . . . . . . . . Slashing Weapon 1 | . . . . . . 1 . . . . Piercing Weapon . | . . . . . . . . . . . Special Melee Weapon . | . . . . . . . . . . . Unidentified Prototypes 4 | . . 1 . . . 1 2 . . . Parts Lost 30 | . 3 3 . 4 13 . . . . 7 Power 4 | . . 2 . . 1 . . . . 1 Propulsion 10 | . 1 1 . 1 5 . . . . 2 Utility 7 | . 1 . . . 3 . . . . 3 Weapon 9 | . 1 . . 3 4 . . . . 1 Highest Loss Streak 13 | . 2 1 . 2 13 . . . . 6 Average Slot Usage (%) 77 | . 99 99 99 98 91 26 57 66 66 62 Engine 4 | . 14 5 9 7 5 . . . . . Reactor 2 | . . . . . . 5 6 6 6 4 Treads 25 | . 19 44 36 29 35 12 20 20 20 24 Wheel 1 | . 8 . . . . . . . . . Device 9 | . 13 . 9 13 11 . 5 13 13 5 Storage 5 | . 14 11 9 7 5 . . . . 3 Processor 1 | . . . 1 7 5 . . . . . Protection 2 | . . 10 7 . . 5 3 . . . Energy Cannon 6 | . . . . . . . 14 20 20 6 Ballistic Gun 6 | . 25 . 9 4 . . . . . 13 Ballistic Cannon 7 | . . 21 17 21 24 . . . . . Slashing Weapon 2 | . . . . . . . 6 6 6 1 Naked Turns . | . . . . . . . . . . . Heaviest Build 86 | 14 28 37 44 67 60 65 86 47 47 65 Greatest Support 266 | 32 40 80 80 80 120 210 210 210 210 266 Greatest Overweight (x) 3 | . . . . . . . . . . 3 Average Overweight (x) . | . . . . . . . . . . . Largest Inventory Capacity 15 | 8 15 15 15 15 15 5 5 5 5 15 Average Capacity 10 | 8 12 15 15 15 14 5 5 5 5 11 Most Carried 15 | 6 13 15 15 15 15 5 5 5 5 15 Average Carried 9 | 4 9 14 14 14 13 4 4 4 5 10 Final Capacity 15 | 8 15 15 15 15 5 5 5 5 5 5 Final Carried 15 | 5 13 15 15 15 4 5 5 5 5 5 Class Distribution -------------------- 28% | Scavenger-Assassin 27% | Mutant 22% | Scavenger-Skirmisher 11% | Scavenger-Mutant 4% | Scavenger-Tank 3% | Tank Dominant Class ---------------- Mutant | -10/Materials Mutant | -9/Materials Tank | -8/Materials Scavenger-Skirmisher | -7/Factory Scavenger-Skirmisher | -6/Factory Scavenger-Mutant | -6/Waste Scavenger-Assassin | -6/Factory Scavenger-Assassin | -6/Lower Caves Scavenger-Assassin | -6/Lower Caves Scavenger-Skirmisher | -5/Factory Resources | -11 -10 -9 -8 -7 -6 -6 -6 -6 -6 -5 ----------- Run | Scr Mat Mat Mat Fac Fac Was Fac Low Low Fac Matter Collected 3236 | 242 253 489 370 444 526 363 50 . . 499 Remotely 587 | 10 26 . . 129 422 . . . . . Salvage Created 4486 | 52 697 580 440 395 121 350 264 47 . 1540 Parts 239 | 3 45 38 18 34 11 6 6 2 . 76 Haulers Intercepted 11 | . 1 2 2 2 . . 2 . . 2 Recyclers Shooed 9 | 1 1 4 1 1 . . . . . 1 Parts Field Recycled . | . . . . . . . . . . . Retrieved Matter . | . . . . . . . . . . . Parts Self-Destructed 18 | . . . . . . . . 10 8 . Prevented . | . . . . . . . . . . . Kills | -11 -10 -9 -8 -7 -6 -6 -6 -6 -6 -5 ------- Run | Scr Mat Mat Mat Fac Fac Was Fac Low Low Fac Combat Hostiles Destroyed 58 | . 13 11 7 11 2 . . 1 . 13 Guns 26 | . 13 . . 2 . . . . . 11 Cannons 27 | . . 9 7 6 2 . . 1 . 2 AOE 5 | . . 2 . 3 . . . . . . Classes Destroyed 13 | 1 5 1 . 2 1 . . . . 3 Worker 9 | . . . . 2 2 . 1 . . 4 Builder 6 | . 1 1 . 2 . . 1 . . 1 Hauler 11 | . 1 2 2 2 . . 2 . . 2 Recycler 11 | 1 1 3 2 1 . . . . . 3 Operator 1 | . . . . . . . . . . 1 Watcher 6 | . 3 2 . . . . . . . 1 Swarmer 13 | . 3 2 . 6 . . . . . 2 Grunt 33 | . 10 5 7 3 1 . . . . 7 Brawler 1 | . . . . . . . . . . 1 Duelist 1 | . . . . . 1 . . . . . Sentry 5 | . . 4 . 1 . . . . . . Hunter 2 | . . . . . . . . . . 2 Programmer 3 | . . . . 1 . . . 1 . 1 Best Kill Streak 8 | 1 3 4 3 6 2 . 1 1 . 8 Combat Bots Only 5 | . 3 3 2 4 2 . . 1 . 5 Max Kills in Single Turn 3 | 1 2 1 1 3 1 . 1 1 . 2 Gunslinging 1 | . 1 . . . . . . . . 1 Exploded 2 | . . 1 . 2 . . . . . . Melee . | . . . . . . . . . . . Uniques/NPCs Destroyed . | . . . . . . . . . . . Combat | -11 -10 -9 -8 -7 -6 -6 -6 -6 -6 -5 -------- Run | Scr Mat Mat Mat Fac Fac Was Fac Low Low Fac Damage Taken 5847 | . 538 551 463 525 1822 . 85 15 . 1848 Core 674 | . 80 49 36 . 402 . . . . 107 Absorbed by Shields . | . . . . . . . . . . . Reduced by Siege Mode 121 | . . . . . . . . . . 121 Core Remaining (%) 83 | 100 68 87 93 100 . . . . 52 . Volleys Fired 282 | 2 92 50 33 30 15 . 5 3 15 37 Largest 4 | 2 2 2 3 4 4 . 3 3 3 4 Hottest 192 | 70 90 70 90 192 192 . 90 90 90 140 Shots Fired 738 | 4 182 98 99 100 54 . 15 9 45 132 Gun 340 | 4 182 . 33 19 . . . . . 102 Cannon 394 | . . 96 66 79 54 . 15 9 45 30 Launcher 4 | . . 2 . 2 . . . . . . Special . | . . . . . . . . . . . Kinetic 601 | 2 158 96 99 90 54 . . . . 102 Thermal 133 | 2 24 . . 8 . . 15 9 45 30 Explosive 4 | . . 2 . 2 . . . . . . Electromagnetic . | . . . . . . . . . . . Robot Hit Streak 18 | 2 10 14 13 8 7 . 6 4 2 18 Robot Miss Streak 7 | 1 7 5 3 4 2 . 2 . 2 4 Penetration Max 2 | . . . . . . . . . . 2 Secondary Targets 5 | . 2 . . . . . . . . 3 Max Gunslinging Chain 1 | . 1 . . . . . . . . 1 Shots Hit Robots 411 | 3 108 58 62 47 35 . 15 3 4 76 Core Hits 198 | 2 42 24 23 28 5 12 5 1 1 55 Critical Kills 14 | . . . . . . . . . . 14 Critical Parts Destroyed 13 | . . . . . . . . . . 13 Critical Strikes 46 | . 3 1 2 5 5 . 1 . . 29 Burn 3 | . 3 . . . . . . . . . Destroy 29 | . . . . . . . . . . 29 Blast 13 | . . 1 2 5 5 . . . . . Sever 1 | . . . . . . . 1 . . . Melee Attacks 4 | . . . . . . . 4 . . . Impact . | . . . . . . . . . . . Slashing 4 | . . . . . . . 4 . . . Piercing . | . . . . . . . . . . . Sneak Attacks 1 | . . . . . . . 1 . . . Combat Hostiles . | . . . . . . . . . . . Follow-up Attacks . | . . . . . . . . . . . Damage Inflicted 8871 | 34 935 1343 878 1349 970 1182 532 101 135 1412 Guns 2013 | 34 935 . 153 109 . . . . . 782 Cannons 4663 | . . 1064 725 885 944 . 297 101 135 512 Explosions 703 | . . 270 . 329 . . . . . 104 Melee 235 | . . . . . . . 235 . . . Ramming 1257 | . . 9 . 26 26 1182 . . . 14 Kinetic 5387 | 10 739 1064 878 970 944 . . . . 782 Thermal 1289 | 24 196 . . 24 . . 297 101 135 512 Explosive 703 | . . 270 . 329 . . . . . 104 Electromagnetic . | . . . . . . . . . . . Impact . | . . . . . . . . . . . Slashing 235 | . . . . . . . 235 . . . Piercing . | . . . . . . . . . . . Highest Corruption 4 | . . . . 1 . . . . . 4 Average Corruption 1 | . . . . 1 . . . . . 3 Corruption Purged . | . . . . . . . . . . . Effects 4 | . . . . 2 . . . . . 2 Message Errors 2 | . . . . 1 . . . . . 1 Heat Flow Errors 1 | . . . . . . . . . . 1 Data Loss (minor) 1 | . . . . 1 . . . . . . Overload Shots . | . . . . . . . . . . . Overflow Damage 118 | . . 40 9 17 . 15 12 23 . 2 Projectiles 65 | . . 5 9 14 . . 12 23 . 2 Explosions 38 | . . 35 . 3 . . . . . . Melee 15 | . . . . . . 15 . . . . Knockbacks 25 | . . 10 6 9 . . . . . . Impact . | . . . . . . . . . . . Kinetic 22 | . . 7 6 9 . . . . . . Secondary 3 | . . 3 . . . . . . . . Self-Inflicted Damage . | . . . . . . . . . . . Shots . | . . . . . . . . . . . Rammed 281 | . . 1 . 3 4 271 . . . 2 Targets Rammed 283 | . . 1 . 4 5 271 . . . 2 Kicked . | . . . . . . . . . . . Crushed 2 | . . . . 1 1 . . . . . Highest Temperature 431 | 40 150 231 194 195 431 . . . . 297 Average Temperature 81 | 23 35 53 88 92 175 . . . . 92 Received Heat Transfer 1038 | . 195 231 261 108 141 . . . . 102 Effects 4 | . . 1 . . 1 . . . . 2 Interference 3 | . . 1 . . . . . . . 2 Short Circuit 1 | . . . . . 1 . . . . . Siege Activations 2 | . . . . . . . . . . 2 Total Turns 44 | . . . . . . . . . . 44 Longest Duration 24 | . . . . . . . . . . 24 Robots Corrupted . | . . . . . . . . . . . Combat Hostiles . | . . . . . . . . . . . Parts Fried 1 | . . . . . . 1 . . . . Impact Corruptions 3 | . . . . . . 3 . . . . Robots Melted . | . . . . . . . . . . . Combat Hostiles . | . . . . . . . . . . . Parts Melted 8 | . 1 . . . . . 1 3 . 3 Heat Transferred 2344 | 74 790 . . 74 . . 407 111 185 703 Parts Sabotaged . | . . . . . . . . . . . Parts Stolen . | . . . . . . . . . . . Parts Stripped . | . . . . . . . . . . . Power Chain Reactions . | . . . . . . . . . . . Missiles Intercepted . | . . . . . . . . . . . Alert | -11 -10 -9 -8 -7 -6 -6 -6 -6 -6 -5 ------- Run | Scr Mat Mat Mat Fac Fac Was Fac Low Low Fac Peak Influence 765 | 5 247 344 279 255 402 90 765 . . 741 Initial 216 | . 3 24 24 60 124 90 . . . 216 Average 166 | 2 91 150 149 100 206 51 356 . . 379 Maximum Alert Level 3 | . 1 1 1 1 2 . 3 . . 3 Low Security (%) 69 | 100 89 59 67 89 61 100 51 . . 3 Level 1 23 | . 10 40 32 10 34 . 4 . . 78 Level 2 4 | . . . . . 3 . 27 . . 12 Level 3 2 | . . . . . . . 15 . . 6 Level 4 . | . . . . . . . . . . . Level 5 . | . . . . . . . . . . . High Security . | . . . . . . . . . . . Max Security . | . . . . . . . . . . . Squads Dispatched 25 | . 5 . 1 3 5 . 5 . . 6 Investigation 5 | . 3 . . . . . 1 . . 1 Extermination 3 | . . . . 1 . . 1 . . 1 Reinforcement 14 | . 2 . 1 2 3 . 3 . . 3 Assault . | . . . . . . . . . . . Garrison 3 | . . . . . 2 . . . . 1 Intercept . | . . . . . . . . . . . Construction Impeded 3 | . . . . . 1 . 1 . . 1 Haulers Reinforced 1 | . . . . . . . 1 . . . Active Scanning Responses . | . . . . . . . . . . . Cargo Convoy Interrupts . | . . . . . . . . . . . Stealth | -11 -10 -9 -8 -7 -6 -6 -6 -6 -6 -5 --------- Run | Scr Mat Mat Mat Fac Fac Was Fac Low Low Fac Distress Signals 8 | . . 2 2 . 1 . 1 . . 2 Communications Jammed . | . . . . . . . . . . . Distress Signals . | . . . . . . . . . . . Times Spotted 134 | . 22 18 14 17 16 1 8 7 3 28 Peak Tracking Total 8 | . 3 4 4 4 5 1 3 3 3 8 Tactical Retreats 12 | . 1 1 2 3 . . . 1 . 4 Traps | -11 -10 -9 -8 -7 -6 -6 -6 -6 -6 -5 ------- Run | Scr Mat Mat Mat Fac Fac Was Fac Low Low Fac Traps Triggered 3 | . 1 . . . 2 . . . . . Indirectly . | . . . . . . . . . . . Trap Hack Attempts . | . . . . . . . . . . . Triggered . | . . . . . . . . . . . Disarmed . | . . . . . . . . . . . Reprogrammed . | . . . . . . . . . . . Reused . | . . . . . . . . . . . Traps Extracted . | . . . . . . . . . . . Installed . | . . . . . . . . . . . Triggered . | . . . . . . . . . . . Machines | -11 -10 -9 -8 -7 -6 -6 -6 -6 -6 -5 ---------- Run | Scr Mat Mat Mat Fac Fac Was Fac Low Low Fac Machines Disabled 17 | . . 1 . 3 2 . 1 . . 10 Max in Single Turn 4 | . . 1 . 1 . . . . . 4 Machines Sabotaged . | . . . . . . . . . . . Garrisons Compromised . | . . . . . . . . . . . Overloaded Fab Kills . | . . . . . . . . . . . Fab Network Shutdowns . | . . . . . . . . . . . Hacking | -11 -10 -9 -8 -7 -6 -6 -6 -6 -6 -5 --------- Run | Scr Mat Mat Mat Fac Fac Was Fac Low Low Fac Machines Accessed 25 | . 6 6 3 5 . . 2 1 . 2 Terminals 16 | . 4 6 2 2 . . 1 . . 1 Fabricators 2 | . . . . 1 . . . . . 1 Repair Stations 2 | . . . . 2 . . . . . . Recycling Units 3 | . 2 . . . . . 1 . . . Scanalyzers 1 | . . . 1 . . . . . . . Garrison Access . | . . . . . . . . . . . Total Hacks 71 | . 22 19 11 8 . . 4 1 . 6 Successful 29 | . 5 9 9 2 . . 1 1 . 2 Failed 42 | . 17 10 2 6 . . 3 . . 4 Catastrophic 4 | . 1 1 . . . . . . . 2 Database Lockouts . | . . . . . . . . . . . Manual 32 | . 13 14 2 2 . . . . . 1 Terminals 47 | . 13 19 5 4 . . 3 . . 3 Fabricators 4 | . . . . 1 . . . . . 3 Repair Stations 3 | . . . . 3 . . . . . . Recycling Units 10 | . 9 . . . . . 1 . . . Scanalyzers 6 | . . . 6 . . . . . . . Garrison Access . | . . . . . . . . . . . Terminal Hacks 12 | . 2 6 2 . . . . 1 . 1 Robot Analysis 4 | . 2 1 . . . . . . . 1 Open Door 1 | . . . . . . . . 1 . . Branch Access Points 1 | . . . 1 . . . . . . . Terminal Index 1 | . . 1 . . . . . . . . Unreport Threat 2 | . . 1 1 . . . . . . . Locate Traps 1 | . . 1 . . . . . . . . Hauler Manifests 1 | . . 1 . . . . . . . . Zone Layout 1 | . . 1 . . . . . . . . Fabricator Hacks 1 | . . . . . . . . . . 1 Load Schematic 1 | . . . . . . . . . . 1 Repair Station Hacks 2 | . . . . 2 . . . . . . Scan Component 1 | . . . . 1 . . . . . . Repair 1 | . . . . 1 . . . . . . Recycling Unit Hacks 2 | . 1 . . . . . 1 . . . Retrieve Components 2 | . 1 . . . . . 1 . . . Scanalyzer 6 | . . . 6 . . . . . . . Insert Component 3 | . . . 3 . . . . . . . Analyze 3 | . . . 3 . . . . . . . Garrison Access Hacks . | . . . . . . . . . . . Unauthorized Hacks 6 | . 2 3 1 . . . . . . . Terminals 6 | . 2 3 1 . . . . . . . Botnet 5 | . 2 2 1 . . . . . . . Operators 1 | . . 1 . . . . . . . . Fabricators . | . . . . . . . . . . . Repair Stations . | . . . . . . . . . . . Recycling Units . | . . . . . . . . . . . Scanalyzers . | . . . . . . . . . . . Garrison Access . | . . . . . . . . . . . Data Cores Recovered . | . . . . . . . . . . . Used . | . . . . . . . . . . . Hacking Detections 22 | . 5 6 3 4 . . 2 . . 2 Full Trace Events 4 | . 2 . . . . . 1 . . 1 Feedback Events . | . . . . . . . . . . . Feedback Blocked . | . . . . . . . . . . . Robot Schematics Acquired . | . . . . . . . . . . . Robots Built . | . . . . . . . . . . . Matter . | . . . . . . . . . . . Time . | . . . . . . . . . . . Total Robot Build Rating . | . . . . . . . . . . . Part Schematics Acquired 3 | . . . 3 . . . . . . . Parts Built . | . . . . . . . . . . . Matter . | . . . . . . . . . . . Time . | . . . . . . . . . . . Total Part Build Rating . | . . . . . . . . . . . Parts Repaired 1 | . . . . 1 . . . . . . Time 32 | . . . . 32 . . . . . . Parts Recycled . | . . . . . . . . . . . Recycled Matter . | . . . . . . . . . . . Retrieved Matter . | . . . . . . . . . . . Retrieved Components 3 | . 1 . . . . . 2 . . . Parts Scanalyzed 3 | . . . 3 . . . . . . . Part Schematics Acquired 3 | . . . 3 . . . . . . . Parts Damaged . | . . . . . . . . . . . Bothacking | -11 -10 -9 -8 -7 -6 -6 -6 -6 -6 -5 ------------ Run | Scr Mat Mat Mat Fac Fac Was Fac Low Low Fac Used RIF Installer . | . . . . . . . . . . . Robots Hacked . | . . . . . . . . . . . Non-combat . | . . . . . . . . . . . Combat . | . . . . . . . . . . . Robot Hacks Applied . | . . . . . . . . . . . Relay Couplers Released . | . . . . . . . . . . . Robots Rewired 2 | . . . . . 2 . . . . . Allies Hacked 1 | . . . . . . . . . . 1 Hacks Repelled . | . . . . . . . . . . . Allies | -11 -10 -9 -8 -7 -6 -6 -6 -6 -6 -5 -------- Run | Scr Mat Mat Mat Fac Fac Was Fac Low Low Fac Total Allies 22 | . . . . . 2 20 . . . . Largest Group 20 | . . . . . 2 20 20 12 7 7 Highest-Rated Group 763 | . . . . . 73 763 754 487 269 269 Highest-Rated Ally 50 | . . . . . 41 50 50 50 46 46 Total Orders . | . . . . . . . . . . . Ally Attacks 203 | . . . . . 20 16 94 37 11 25 Total Damage 6503 | . . . . . 1050 475 3199 945 274 560 Kills 50 | . . . . . 11 1 24 9 3 2 Allies Corrupted . | . . . . . . . . . . . Allies Melted . | . . . . . . . . . . . Intel | -11 -10 -9 -8 -7 -6 -6 -6 -6 -6 -5 ------- Run | Scr Mat Mat Mat Fac Fac Was Fac Low Low Fac Robot Analysis Total 4 | . 2 1 . . . . . . . 1 Derelict Logs Recovered 5 | . . . . . . . . 2 3 . Drone Launches . | . . . . . . . . . . . Drone Recoveries . | . . . . . . . . . . . Exploration | -11 -10 -9 -8 -7 -6 -6 -6 -6 -6 -5 ------------- Run | Scr Mat Mat Mat Fac Fac Was Fac Low Low Fac Turns Passed 7127 | 19 1150 712 393 1063 344 696 529 769 788 664 Spaces Moved 3562 | 7 617 325 169 545 178 179 307 452 454 329 Core 87 | . . . . . 30 57 . . . . Treads 3233 | . 424 325 169 545 148 122 307 452 454 287 Legs . | . . . . . . . . . . . Wheels 200 | 7 193 . . . . . . . . . Hover 42 | . . . . . . . . . . 42 Flight . | . . . . . . . . . . . Fastest Speed 50 | 100 100 160 160 160 50 50 160 160 160 52 Average Speed 152 | 100 141 160 160 160 141 124 160 160 160 148 Slowest Speed 240 | 100 160 160 160 160 160 160 160 160 160 240 Overloaded Moves . | . . . . . . . . . . . Propulsion Burnouts . | . . . . . . . . . . . Robots Hopped . | . . . . . . . . . . . Cave-ins Triggered . | . . . . . . . . . . . Exploration Rate (%) 36 | 2 86 44 17 20 7 79 9 65 54 15 Regions Visited 10 Branch Regions 2 Pre-discovered Areas 2 | . . . . . . . . 1 1 . Known Exits Taken 4 | . . 1 . . . . 1 1 1 . Unknown Exits Taken 4 | 1 1 . 1 1 . . . . . . Scrap Searched 4 | . . . . . . . . 2 2 . Spaces Dug 23 | . . . . . . . . 2 19 2 Terrain Destroyed 138 | . . 16 . 23 15 . . 3 30 51 Melee . | . . . . . . . . . . . Projectile 67 | . . . . 17 15 . . 3 30 2 AOE 68 | . . 16 . 6 . . . . . 46 Terrain Rammed . | . . . . . . . . . . . Walls Destroyed . | . . . . . . . . . . . Machines Disabled . | . . . . . . . . . . . Actions | -11 -10 -9 -8 -7 -6 -6 -6 -6 -6 -5 --------- Run | Scr Mat Mat Mat Fac Fac Was Fac Low Low Fac Total 4508 | 15 746 422 227 664 230 488 327 494 482 413 Wait 165 | . 8 15 10 47 2 18 3 33 14 15 Move 3553 | 6 616 324 168 544 178 178 306 451 453 329 Hop . | . . . . . . . . . . . Pick Up 65 | 1 14 9 6 9 4 4 2 3 . 13 Fast Attach 27 | 1 1 2 . 5 1 7 4 . . 6 Attach 26 | 2 4 6 3 5 4 1 1 . . . Detach 2 | . . 2 . . . . . . . . Swap 33 | 1 5 6 2 11 2 1 . . . 5 Drop 48 | 2 6 7 5 9 1 6 2 4 . 6 Fire 282 | 2 92 50 33 30 15 . 5 3 15 37 Melee 4 | . . . . . . . 4 . . . Ram . | . . . . . . . . . . . Kick . | . . . . . . . . . . . Crush 283 | . . 1 . 4 5 271 . . . 2 Escape Stasis . | . . . . . . . . . . . Rewire 20 | . . . . . 18 2 . . . . Trap . | . . . . . . . . . . . Miscellaneous . | . . . . . . . . . . . Route ------- -11/Scrapyard -10/Materials (discovered 4 exits: *Mat x3 / [*Min]) -9/Materials -8/Materials (discovered 3 exits: *Fac / Sto x2) -7/Factory -6/Factory -6/Waste -6/Factory -6/Lower Caves -6/Lower Caves -5/Factory (discovered 1 exit: Fac) History --------- Turn | Location | Event 12 | -11/Scrapyard | Discovered new exit (range 3) 20 | -11/Scrapyard | Entered Materials 176 | -10/Materials | Discovered new exit (range 5) 302 | -10/Materials | Build established: Mutant 435 | -10/Materials | Discovered new exit (range 8) 754 | -10/Materials | Discovered new exit (range 16) 1106 | -10/Materials | Discovered new exit (range 16) 1170 | -10/Materials | Entered another Materials area 1170 | -9/Materials | Evolved 2 slots: Propulsion x2 1780 | -9/Materials | Discovered new exit (range 14) 1881 | -9/Materials | Identified exit to Materials 1882 | -9/Materials | Entered another Materials area 1882 | -8/Materials | Evolved 2 slots: Utility x1, Weapon x1 2184 | -8/Materials | Discovered new exit (range 16) 2261 | -8/Materials | Identified exit to Storage 2275 | -8/Materials | Entered Factory 2275 | -7/Factory | Evolved 2 slots: Utility x1, Weapon x1 2990 | -7/Factory | Repaired Disposable Heat Sink 3148 | -7/Factory | Build established: Scavenger-Skirmisher 3314 | -7/Factory | Discovered new exit (range 15) 3338 | -7/Factory | Entered another Factory area 3338 | -6/Factory | Evolved 2 slots: Propulsion x2 3507 | -6/Factory | Garrison activated, responded to threat 3664 | -6/Factory | Released all parts (3) 3682 | -6/Factory | Manually triggered Chute Trap 3682 | -6/Factory | Sucked down chute 3682 | -6/Factory | Entered Waste 3683 | -6/Waste | Joined by Warlord forces that had cleared the area 3701 | -6/Waste | Lost 13 parts (1p5n3u4w) 3767 | -6/Waste | Found Damper Plating 3772 | -6/Waste | Discovered new exit (range 16) 4033 | -6/Waste | Found Broken Adv. Powered Armor 4053 | -6/Waste | Build established: Scavenger-Mutant 4240 | -6/Waste | A Compactor rumbled back to life 4244 | -6/Waste | Allies destroyed C-40 Crusher 4378 | -6/Waste | Entered Factory 4378 | -6/Factory | Accompanied by 20 allies 4661 | -6/Factory | Found Prototype Device 4661 | -6/Factory | Identified Active Sensor Suite 4888 | -6/Factory | Discovered new exit (range 6) 4896 | -6/Factory | Identified exit to Lower Caves 4907 | -6/Factory | Entered Lower Caves 4907 | -6/Lower Caves | Accompanied by 12 allies 4957 | -6/Lower Caves | Build established: Scavenger-Assassin 5091 | -6/Lower Caves | Learned Factory terminal intel 5442 | -6/Lower Caves | P-60 Hacker assimilated allied XR-PBS(g) 5642 | -6/Lower Caves | Discovered new exit (range 13) 5661 | -6/Lower Caves | Identified exit to Lower Caves 5676 | -6/Lower Caves | Entered another Lower Caves area 5676 | -6/Lower Caves | Accompanied by 7 allies 5876 | -6/Lower Caves | Learned 8 Factory zone layouts 6035 | -6/Lower Caves | Learned Factory trap positions 6452 | -6/Lower Caves | Discovered new exit (range 3) 6455 | -6/Lower Caves | Identified exit to Factory 6464 | -6/Lower Caves | Entered Factory 6464 | -5/Factory | Accompanied by 7 allies 6464 | -5/Factory | Evolved 2 slots: Propulsion x2 6465 | -5/Factory | Identified exit to Factory 6466 | -5/Factory | Loaded intel: 104 trap records 6467 | -5/Factory | Loaded intel: 20 terminal locations 7001 | -5/Factory | Build established: Scavenger-Skirmisher 7047 | -5/Factory | Garrison activated, responded to threat 7128 | -5/Factory | Self-destructed Last Messages --------------- 07107_ R-10 Processor collects Hvy. Laser. 07107_ Acquired Imp. Hover Unit. 07107_ K-01 Serf collects debris. 07108_ System corrupted: Heat flow error (+245). 07108_ U-05 Engineer lays Concrete. 07108_ U-05 Engineer builds a Wall. 07108_ R-10 Processor collects Com. Wheel. 07108_ K-01 Serf collects debris. 07109_ U-05 Engineer lays Concrete. 07109_ K-01 Serf collects debris. 07110_ Acquired 50 matter. 07110_ R-10 Processor collects Imp. Heat Sink. 07110_ U-05 Engineer lays Concrete. 07110_ Acquired 54 matter. 07110_ K-01 Serf collects debris. 07111_ U-05 Engineer lays Concrete. 07112_ K-01 Serf collects debris. 07112_ U-05 Engineer lays Concrete. 07115_ R-10 Processor collects Med. Treads. 07128_ S-27 Virus destroyed. Map ----- +----------------------------------------------------+ | ???????????????????????"?"?????????????????????# | | ???????????????????????"T"?????????????????????#"" | | ???????????????????????"""?????????????????????#" | | ""T""??????????????????????????????????????????#"F | | """""??????????????????????????????????????????#"" | | ???????????????????????????????????????????????# | | ???????????????????????????????????????????????### | | ?????????????????????????????????????????????????? | | ?????????????????????????????????????????????????? | | ?????????????????????????????????????????????????? | | ?????????????????????????????????????##??????????? | | ????????????????????????????????????? ??????????? | | ???????????????????????????????????? ??????????? | | ???????????????????????????????????? ?????????? | | ????????????????????????????????????" ""????###### | | ????????????????????????????????????" ""??? # | | ???????????????????????????????# """" """" # | | ???????????????????????????????# """" """" # | | ???????????????????????????????# """" """" # | | ???????????????????????????????# """" """" # | | ???????????????????????????????# """" # | | ???????????????????????????????# # | | ?????????????# ????????????????# # | | ?????????????# w ####+#############+####### | | ?????????????# u k =% / | | ?????????????# @ s ### | | ?????????????# #?# | | ?????????????+ #?# | | ?????????????# k #?# | | ?????????????#k ###################### #?# | | ?????????????# ??????????????????????# #?# | | ?????????????# ????????????????????????# #?# | | ?????????????#??????????????????????????# #?###### | | ????????????????????????????????????????? #??????? | | ?????????????????????????????????????????##??????? | | ?????????????????????????????????????????????????? | | ?????????????????????????????????????????????????? | | ?????????????????????????????????????????????????? | | ?????????????????????????????????????????????????? | | ?????????????????????????????????????????????????? | | ?????????????????????????????????????????????????? | | ?????????????????????????????????????????????????? | | ?????????????????????????????^^??^^??????????????? | | ??????????????????????????????^?^????????????????? | | ?????????????????????????????????????????????????? | | ?????????????????????????????????????????????????? | | ?????????????????????????????????????????????????? | | ?????????????????????????????????????????????????? | | ?????????????????????????????????????????????????? | | ?????????????????????????????????????????????????? | +----------------------------------------------------+ Best States ------------- Heat Dissipation 67 Coolant Potential 50 Energy Generation 21 Energy Capacity 325 Matter Stores 300 Matter Capacity 300 Sight Range 16 Robot Scan Range 20 Terrain Scan Range 16 Terrain Scan Density 10 Jamming Range 8 Armor Coverage 1600 Resistance: EM 90 Evasion (%) 54 Recoil Reduction 8 Offensive Hacking 20 Item Schematics ----------------- Hacking Suite | -8/Materials | Scanalyzed Lgt. Cannon | -8/Materials | Scanalyzed Lgt. Treads | -8/Materials | Scanalyzed Robot Schematics ------------------ None Fabricated ------------ Nothing Alien Tech Used ----------------- None Achievements -------------- None Challenges ------------ None Game ------ Seed ScanDisposableScythe Manual? 0 Play Time 00:51:33 Cumulative 315.2 hours Start 2021.08.29 @ 13:39:21 End 2021.08.29 @ 14:28:07 Sessions 1 Manual Loads 0 Difficulty Rogue Special Mode None Game No. 176 Rogue 176 Adventurer 0 Explorer 0 Win Type - Total 9 Types 6/0/1/2/0/0/0/0/0 Lore% 79 Gallery% 84 Achievement% 65 Wizard Run 0 Options --------- ASCII 0 Keyboard 0 Movement Numpad Keybinds 0 Fullscreen 1 Font 18/SmallcapsGlow Map View 76x50 Tactical HUD 1 Map Filters NONE Filters NONE Steam 1 RUN: 9c110f45-0847-4322-9262-fd4ac4320cb8